 Dungeon Crawl Stone Soup version 0.18.1-50-g88ac8fd (webtiles) character file.

378 RudyRod the Sneak (level 6, -5/57 HPs)
             Began as a Naga Fighter on Oct 12, 2016.
             Was a Follower of Cheibriados.
             Killed by divine providence
             ... invoked by an orc priest
              (17 damage)
             ... on level 4 of the Dungeon.
             The game lasted 00:11:15 (3619 turns).

RudyRod the Sneak (Naga Fighter)                    Turns: 3619, Time: 00:11:16

Health: -5/57      AC:  5    Str: 22    XL:     6   Next: 74%
Magic:  7/7        EV:  8    Int: 12    God:    Cheibriados [*.....]
Gold:   171        SH:  7    Dex: 14    Spells: 0 memorised, 5 levels left

rFire  . . .     SeeInvis +     a - +0 trident
rCold  . . .     Gourm    .     b - +0 scale mail
rNeg   . . .     Faith    .     k - +2 buckler
rPois  +         Spirit   .     (no helmet)
rElec  .         Dismiss  .     (no cloak)
rCorr  .         Reflect  .     (no gloves)
SustAt .         Harm     .     (no barding)
MR     .....                    (no amulet)
Stlth  +.........               (no ring)
                                e - +1 ring of slaying

@: short of breath, very slow, not resistant to hostile enchantments, very
unstealthy
A: see invisible, deformed body, poison resistance, slowness 2, slow metabolism
1, spit poison 2, AC +2
a: Spit Poison, Bend Time, Renounce Religion


You were on level 4 of the Dungeon.
You worshipped Cheibriados.
Cheibriados was aware of your devotion.
You were not hungry.

You visited 1 branch of the dungeon, and saw 4 of its levels.

You collected 171 gold pieces.

Inventory:

Hand Weapons
 a - a +0 trident (weapon)
Armour
 b - a +0 scale mail (worn)
 c - a +0 shield
 k - a +2 buckler (worn)
Jewellery
 e - a +1 ring of slaying (left hand)
 t - a cursed ring of loudness {unknown}
Wands
 s - a wand of iceblast (5/15)
Scrolls
 d - a scroll of teleportation {unknown}
 j - a scroll of immolation {unknown}
 l - 4 scrolls of remove curse {unknown}
 m - 3 scrolls of fear {unknown}
 o - a scroll of magic mapping {unknown}
 p - 3 scrolls of identify {unknown}
 v - a scroll of enchant armour {unknown}
Potions
 h - a potion of resistance {unknown}
 n - 2 potions of heal wounds {unknown}
 q - 2 potions of curing {unknown}
 u - a potion of lignification {unknown}
Comestibles
 f - 2 bread rations
 g - 2 royal jellies
 i - 2 meat rations
 r - 5 fruits
 w - 2 chunks of flesh


   Skills:
 + Level 3.8 Fighting
 + Level 2.9 Polearms
 + Level 3.4 Armour
 * Level 2.1 Dodging
 * Level 3.8 Stealth
 + Level 3.0 Shields
 * Level 2.0 Invocations


You had 5 spell levels left.
You didn't know any spells.

Dungeon Overview and Level Annotations

Branches:
Dungeon (4/15)
 Temple: D:4-7

Altars:
Cheibriados
Fedhas
Vehumet


Innate Abilities, Weirdness & Mutations

You cannot wear boots.
Your serpentine skin is tough (AC +2).
You have supernaturally acute eyesight.
Armour fits poorly on your strangely shaped body.
Your system is resistant to poisons.
You cover ground very slowly.
You have a slow metabolism.
You can spit poison.


Message History

Cheibriados raises the support of your attributes as your movement slows.
An orc priest comes into view. It is wielding a short sword.
You closely miss the orc.
The orc priest moves out of view.
The orc closely misses you.
You closely miss the orc. The orc completely misses you.
The orc priest shouts!
You puncture the orc!
You kill the orc!
Cheibriados appreciates the change of pace.
The orc priest mumbles some strange prayers to Beogh against you.
Beogh smites you!
* * * LOW HITPOINT WARNING * * *
Press: ? - help, Shift-Dir - straight line, f - orc priest
Aim: an orc priest, wielding a short sword The splash of poison misses the orc priest.
You feel slightly more hungry.
You closely miss the orc priest.
The orc priest calls down the wrath of Beogh upon you.
Beogh smites you!
You die...

#..# #..# .# #..#
#..##.# #..# #.....#
.####.<####.#).#
.............#..#
.#####..........# .
#...######.## ...
#.#.#.#####.####.?...
#.............@o..#
....#.#.............#
####.....####.###..##
# #. #.# ..... ...
.### ##.. .# #.. . #.
.#


You could see an orc priest.

Vanquished Creatures
  Sigmund (D:3)
  Edmund (D:4)
  A gnoll (D:1)
  An adder (D:3)
  An ooze (D:2)
  2 worms (D:2)
  A dart slug (D:1)
  2 giant geckos (D:1)
  6 orcs
  2 ball pythons
  5 giant cockroaches
  7 goblins
  9 hobgoblins
  3 jackals (D:1)
  2 kobolds
  7 bats
  7 giant newts
  11 rats
69 creatures vanquished.

Notes
Turn   | Place    | Note
--------------------------------------------------------------
     0 | D:1      | RudyRod the Naga Fighter began the quest for the Orb.
     0 | D:1      | Reached XP level 1. HP: 21/21 MP: 1/1
   306 | D:1      | Reached skill level 1 in Stealth
   306 | D:1      | Reached XP level 2. HP: 25/28 MP: 2/2
   623 | D:1      | Reached XP level 3. HP: 23/34 MP: 3/3
  1726 | D:2      | Reached XP level 4. HP: 38/42 MP: 4/4
  1788 | D:2      | Found a snail-covered altar of Cheibriados.
  1796 | D:2      | Became a worshipper of Cheibriados the Contemplative
  1927 | D:2      | Found a blossoming altar of Fedhas.
  2038 | D:2      | Found a radiant altar of Vehumet.
  2266 | D:2      | Reached skill level 1 in Dodging
  2579 | D:3      | Noticed a phantom
  2832 | D:3      | Reached * piety under Cheibriados
  2913 | D:3      | Noticed Sigmund
  2928 | D:3      | Killed Sigmund
  2928 | D:3      | Reached skill level 1 in Invocations
  2928 | D:3      | Reached XP level 5. HP: 10/50 MP: 2/6
  2928 | D:3      | Reached XP level 6. HP: 11/57 MP: 2/7
  3516 | D:4      | Noticed Edmund
  3535 | D:4      | Killed Edmund
  3619 | D:4      | Killed from afar by an orc priest

Skill      XL: |  1  2  3  4  5  6 |
---------------+-------------------+-----
Stealth        | 1 2 3 |  3.8
Dodging        | 1 2 |  2.1
Armour         | 3 |  3.4
Shields        | 3 |  3.0
Invocations    | 1 2 |  2.0
Fighting       | |  3.8
Polearms       | |  2.9

Action                   |  1- 3 |  4- 6 || total
-------------------------+-------+-------++-------
Melee: Trident           |   113 |   120 ||   233
Invok: Bend Time         |       |     2 ||     2
 Abil: Spit Poison       |     8 |     8 ||    16
  Use: Potion            |       |     1 ||     1
 Stab: Sleeping          |       |     1 ||     1
  Eat: Chunk             |     2 |     4 ||     6
       Bread ration      |       |     1 ||     1
Armor: Scale mail        |    46 |    37 ||    83
Dodge: Dodged            |    27 |    44 ||    71
Block: Shield            |    25 |       ||    25
       Buckler           |    14 |    37 ||    51
